 Dungeon Crawl Stone Soup version 0.25.0-1-g7eea58d (webtiles) character file.

Game seed: 4194273139995017131

23046 FlyingBird the Blocker (level 12, -17/119 HPs)
             Began as a Troll Chaos Knight on July 5, 2020.
             Was a Plaything of Xom.
             Demolished by a catoblepas (49 damage)
             ... on level 6 of the Lair of Beasts.
             The game lasted 01:22:40 (10051 turns).

FlyingBird the Blocker (Troll Chaos Knight)        Turns: 10051, Time: 01:22:45

Health: -17/119    AC: 13    Str: 26    XL:     12   Next: 68%
Magic:  11/11      EV: 10    Int:  8    God:    Xom [..*...]
Gold:   950        SH: 24    Dex: 10    Spells: 11/11 levels left

rFire    x . .     SeeInvis .   a - +4 mace (chaos)
rCold    + . .     Gourm    +   p - +6 tower shield
rNeg     . . .     Faith    .   b - +2 robe
rPois    .         Spirit   .   v - +2 hat {MR+}
rElec    .         Reflect  .   n - +2 cloak
rCorr    .         Harm     .   (gloves unavailable)
MR       +....                  (boots unavailable)
Stlth    +.........             (no amulet)
HPRegen  0.69/turn              g - ring of ice
MPRegen  0.12/turn              (no ring)

@: no status effects
A: large, unfitting armour, claws 3, horns 2, fast metabolism 3, gourmand,
regeneration 1, shaggy fur 1, tough skin 3
a: Renounce Religion


You were on level 6 of the Lair of Beasts.
You worshipped Xom.
You were a toy of Xom.
You were not hungry.

You visited 2 branches of the dungeon, and saw 15 of its levels.
You also visited: Sewer and Gauntlet.

You collected 950 gold pieces.

Inventory:

Hand Weapons
 a - a +4 mace of chaos (weapon)
 s - a +2 flail of protection
 A - a +0 dire flail of draining
 E - the +6 falchion of Ifeycwutt {venom, +Inv}
   (You found it in a Gauntlet)

   It poisons the flesh of those it strikes.
   It lets you turn invisible.
Missiles
 m - 15 boomerangs
 r - 14 poisoned darts
 y - 13 javelins
 F - a large rock (quivered)
Armour
 b - a +2 robe (worn)
 n - a +2 cloak (worn)
 p - a +6 tower shield (worn)
 t - a +0 cloak of magic resistance
 v - a +2 hat of magic resistance (worn)
Jewellery
 e - an uncursed ring of fire
 g - a ring of ice (left claw)
 h - an uncursed ring of resist corrosion
 i - the ring of Rusiagef {Fire Str+2}
   (You found it in a Gauntlet)

   [ring of fire]

   It enhances your fire magic.
   It affects your strength (+2).
   It protects you from fire.
   It makes you vulnerable to cold.
 u - a +6 ring of intelligence
Wands
 d - a wand of iceblast (7)
 j - a wand of enslavement (8)
 D - a wand of digging (4)
Scrolls
 f - 6 scrolls of amnesia
 k - 7 scrolls of remove curse
 q - a scroll of magic mapping
 B - 2 scrolls of holy word {unknown}
 H - 2 scrolls of immolation
Potions
 l - 2 potions of might
 x - 2 potions of magic
 J - a potion of brilliance
Comestibles
 c - 26 rations


   Skills:
 + Level 7.8 Fighting
   Level 3.6(3.7) Short Blades
 - Level 0.8(2.3) Long Blades
 - Level 10.1 Maces & Flails
 + Level 5.3 Throwing
 - Level 6.0 Dodging
 - Level 0.4 Stealth
 + Level 11.0 Shields
 - Level 0.2 Evocations


You had 11 spell levels left.
You didn't know any spells.
Your spell library contained the following spells:

 Spells                   Type           Power        Failure   Level  Hunger
 Ice Form                 Ice/Tmut       #.......     100%        4    #####..
 Bolt of Magma            Conj/Fire/Erth #.........   100%        5    ######.
 Iskenderun's Battlesphe  Conj/Chrm      #.......     100%        5    ######.
 Metabolic Englaciation   Hex/Ice        #.........   100%        5    ######.
 Freezing Cloud           Conj/Ice/Air   #.........   100%        6    #######
 Iron Shot                Conj/Erth      #.........   100%        6    #######
 Ozocubu's Refrigeration  Ice            #.........   100%        6    #######
 Simulacrum               Ice/Necr       #.........   100%        6    #######
 Orb of Destruction       Conj           #.........   100%        7    #######
 Spellforged Servitor     Conj/Summ      #.........   100%        7    #######


Dungeon Overview and Level Annotations

Branches:
Dungeon (9/15)             Temple (0/1) D:5            Lair (6/6) D:9
 Shoals (0/4) Lair:2        Snake (0/4) Lair:3        Slime (0/5) Lair:5
  Sewer (visited)         Gauntlet (visited)
    Orc: D:9-12

Altars:
Ru
Sif Muna
Uskayaw
Vehumet
Wu Jian
Xom

Annotations:
D:9 1 runed translucent door, Erolcha; jonnos's ghost, novice DrCj


Innate Abilities, Weirdness & Mutations

You are too large for most types of armour.
You have claws for hands.
Your metabolism is lightning-fast.
You like to eat raw meat.
Your natural rate of healing is unusually fast.
You are covered in fur. (AC +1)
You have extremely tough skin. (AC +3)
You have a pair of horns on your head.


Message History

You block the catoblepas's attack.
You hit the catoblepas but do no damage.
Your headbutt misses the catoblepas.
The catoblepas is almost dead.
You block the catoblepas's attack.
You hit the catoblepas but do no damage.
The catoblepas goes berserk!
Your headbutt misses the catoblepas.
The catoblepas is almost dead.
You block the catoblepas's attack.
You hit the catoblepas but do no damage.
The catoblepas seems to grow stronger.
The catoblepas is almost dead.
You block the catoblepas's attack.
You hit the catoblepas but do no damage.
The catoblepas is almost dead.
The catoblepas gores you!!!
* * * LOW HITPOINT WARNING * * *
The catoblepas gores you!!!
You die...
Xom bursts into laughter!

###.....#*#..,,,,*,, *** **,,**,,
#####.# #.(# ,,,, * *,,,,,8
###P.# #...##*,*** **,8,,
####....##*#..(##* ### ,,, 8
P#...#...# #..(###P.# *,,,, ,
....P....## ##......#* *** ,,,
.#.§P.....###......### * *
#.###.........8.Y....### ###
####P#......@.8....##
###.....8........#*
#..........8.... *
###.8..........#* *
*#....PP.####.# #### * ******
#.#P...PP# ##.###PP####
**,**.#*###..P.P####..P#P...P.# *
*,,,,.P$#..P....###.P..P....[..
,,,,,,,.....P...<###.÷P.P......(.


You could see a catoblepas (berserk, strong).

Vanquished Creatures
  Gastronok (Lair:3)
  A dire elephant (Lair:4)
  A minotaur (Gauntlet)
  A hydra (Lair:6)
  4 death yaks (Lair:4)
  Pikel (D:5)
  A harpy (shapeshifter) (Lair:6)
  8 elephants
  3 black mambas
  A water nymph (shapeshifter) (Lair:6)
  A minotaur zombie (Gauntlet)
  2 spiny frogs
  3 komodo dragons
  An ice devil (Gauntlet)
  3 blink frogs (Lair:4)
  2 hippogriffs
  3 slime creatures
  A spriggan (D:7)
  A redback (Lair:6)
  11 yaks
  A wyvern (D:9)
  A steam dragon (D:7)
  2 basilisks
  Menkaure (D:6)
  Edmund (D:6)
  4 porcupines
  7 water moccasins
  2 ice beasts
  An orc warrior (D:9)
  4 slaves (D:5)
  A phantom (D:5)
  9 wolves
  3 ogres
  2 centaurs
  4 crocodiles
  8 bullfrogs
  A wyvern skeleton (D:5)
  A bullfrog zombie (D:9)
  2 crimson imps (D:6)
  5 hounds
  3 jellies
  3 orc wizards
  8 worker ants
  2 hound zombies
  A worker ant zombie (D:9)
  5 gnolls
  9 adders
  2 shadow imps
  4 worms
  A dart slug (D:1)
  7 leopard geckos
  15 orcs
  3 bats
  11 giant cockroaches
  5 goblins
  5 hobgoblins
  6 jackals
  4 quokkas
  6 ball pythons
  7 frilled lizards
  A jackal skeleton (D:8)
  4 kobolds
  6 rats
  A fungus (Lair:6)
229 creatures vanquished.

Vanquished Creatures (collateral kills)
  The ghost of brinewave the Fighter, a novice MiMo (D:7)
  An elephant (D:9)
  An eye of draining (D:9)
  A hound (D:4)
  2 gnolls (D:4)
  An adder skeleton (D:4)
7 creatures vanquished.

Vanquished Creatures (others)
  A fire dragon (Lair:4)
  A spiny frog (Lair:4)
  A rime drake (Lair:6)
  A komodo dragon (Lair:6)
  A basilisk (Lair:2)
  A kobold (D:1)
  A rat (D:1)
  A demonic plant (Gauntlet)
  7 fungi
  6 plants (Lair:6)
21 creatures vanquished.

Grand Total: 257 creatures vanquished

Notes
Turn   | Place    | Note
-------+----------+-------------------------------------------
     0 | D:1      | FlyingBird the Troll Chaos Knight began the quest for the
                  | Orb.
     0 | D:1      | Reached XP level 1. HP: 22/22 MP: 0/0
     8 | D:1      | XOM: silly message
    71 | D:1      | XOM: silly message
   119 | D:1      | Reached XP level 2. HP: 28/29 MP: 1/1
   364 | D:2      | Reached XP level 3. HP: 29/36 MP: 2/2
   416 | D:2      | XOM: silly message
   705 | D:1      | Reached XP level 4. HP: 44/44 MP: 3/3
  1263 | D:3      | XOM: divination: detect creatures
  1269 | D:3      | XOM: silly message
  1588 | D:3      | XOM: silly message
  1596 | D:3      | XOM: silly message
  1813 | D:4      | XOM: cast spell 'Cause Fear'
  1819 | D:4      | Reached XP level 5. HP: 33/52 MP: 4/4
  1820 | D:4      | XOM: cast spell 'Cause Fear'
  1833 | D:4      | XOM: noise
  2179 | D:4      | Reached skill level 1 in Shields
  2233 | D:4      | XOM: silly message
  2271 | D:4      | Noticed a centaur
  2278 | D:4      | Reached XP level 6. HP: 57/61 MP: 5/5
  2280 | D:4      | XOM: divination: detect items
  2347 | D:5      | Entered Level 5 of the Dungeon
  2370 | D:5      | XOM: blink monster(s)
  2379 | D:5      | XOM: potion effect (haste)
  2381 | D:5      | XOM: enchant monster (good)
  2446 | D:5      | XOM: noise
  2459 | D:5      | Reached skill level 5 in Maces & Flails
  2459 | D:5      | Reached skill level 2 in Shields
  2519 | D:5      | Found a glowing drain.
  2523 | D:5      | XOM: cast spell 'Summon Small Mammal'
  2527 | Sewer    | Entered a sewer
  2722 | Sewer    | Reached XP level 7. HP: 67/67 MP: 6/6
  2757 | Sewer    | XOM: silly message
  2934 | D:5      | XOM: god gift: 3 rations
  2962 | D:5      | Got a slimy rapier
  2963 | D:5      | Identified the cursed +1 rapier of Success {venom, Fragile
                  | rN++ Int+8} (You found it on level 5 of the Dungeon)
  3139 | D:5      | Reached skill level 3 in Shields
  3191 | D:5      | Reached skill level 1 in Short Blades
  3350 | D:5      | Found a staircase to the Ecumenical Temple.
  3490 | D:5      | XOM: cleaving
  3527 | D:5      | Noticed Pikel
  3536 | D:5      | XOM: scenery: 1 doors open
  3545 | D:5      | Killed Pikel
  3545 | D:5      | Reached skill level 4 in Shields
  3545 | D:5      | Reached XP level 8. HP: 66/76 MP: 7/7
  3610 | D:5      | XOM: stat loss: -1 Int (21/22)
  3743 | D:6      | Found an ornate altar of the Wu Jian Council.
  3745 | D:6      | Found a radiant altar of Vehumet.
  3745 | D:6      | Found a hide-covered altar of Uskayaw.
  3746 | D:6      | Found a sacrificial altar of Ru.
  3802 | D:6      | Noticed Edmund
  3821 | D:6      | Killed Edmund
  3838 | D:6      | XOM: 3-stop teleportation journey
  3883 | D:6      | Noticed Menkaure
  3891 | D:6      | XOM: butterfly on damage
  3893 | D:6      | Killed Menkaure
  3893 | D:6      | Reached skill level 5 in Shields
  3927 | D:6      | XOM: 2-stop teleportation journey
  4007 | D:7      | XOM: divination: detect items
  4030 | D:7      | Reached XP level 9. HP: 84/84 MP: 8/8
  4118 | D:7      | XOM: potion effect (haste)
  4136 | D:7      | Reached skill level 5 in Dodging
  4228 | D:7      | Found a runed translucent gate.
  4228 | D:7      | Found a runed translucent gate.
  4228 | D:7      | Noticed brinewave's ghost (novice MiMo)
  4229 | D:7      | Found a runed translucent gate.
  4257 | D:7      | XOM: silly message
  4282 | D:7      | Found a shimmering blue altar of Sif Muna.
  4453 | D:7      | XOM: summons friendly white imp
  4461 | D:7      | Killed brinewave's ghost
  4461 | D:7      | Reached skill level 6 in Shields
  4497 | D:7      | XOM: silly message
  4635 | D:8      | Reached skill level 1 in Throwing
  4814 | D:9      | XOM: blink monster(s)
  4900 | D:9      | Reached skill level 5 in Fighting
  4900 | D:9      | Reached skill level 7 in Shields
  4939 | D:9      | Noticed Erolcha
  4947 | D:9      | XOM: fog
  4960 | D:9      | Found a runed translucent door.
  4960 | D:9      | Noticed jonnos's ghost (novice DrCj)
  4960 | D:9      | Noticed a cyclops
  5120 | D:9      | XOM: confusion
  5123 | D:9      | Found a staircase to the Lair.
  5123 | D:9      | Noticed an elephant
  5127 | D:9      | Found a shimmering blue altar of Sif Muna.
  5161 | D:9      | XOM: stat loss: -1 Str (24/25)
  5167 | D:9      | XOM: confusion (+ monsters)
  5171 | D:9      | XOM: summons 9 friendly demons
  5176 | D:9      | Killed an elephant
  5176 | D:9      | Reached XP level 10. HP: 43/96 MP: 9/9
  5214 | D:9      | XOM: silly message
  5467 | Lair:1   | Entered Level 1 of the Lair of Beasts
  5627 | Lair:1   | XOM: stat loss: -1 Dex (8/9)
  5638 | Lair:1   | XOM: blink monster(s)
  5849 | Lair:1   | Noticed a spiny frog
  5890 | Lair:1   | You fall into a shaft and drop 1 floor!
  6217 | Lair:1   | Gained mutation: Potions are less effective at restoring
                  | your health. [potion of mutation]
  6217 | Lair:1   | Gained mutation: Your muscles are strong. (Str +2) [potion
                  | of mutation]
  6255 | Lair:2   | Noticed a spiny frog
  6264 | Lair:2   | XOM: stat loss: -1 Dex (8/9)
  6306 | Lair:2   | Killed a spiny frog
  6325 | Lair:2   | XOM: silly message
  6363 | Lair:2   | XOM: enchant monster (good)
  6410 | Lair:2   | Found a staircase to the Shoals.
  6465 | Lair:2   | XOM: summons 4 friendly demons
  6605 | Lair:3   | Noticed Gastronok
  6607 | Lair:3   | XOM: confuse monster(s)
  6621 | Lair:3   | Killed Gastronok
  6670 | Lair:3   | Found a staircase to the Snake Pit.
  6729 | Lair:3   | Found a gate leading to a gauntlet.
  6738 | Gauntlet | Entered a Gauntlet
  6738 | Gauntlet | Found a transporter.
  6744 | Gauntlet | Noticed a torpor snail
  6773 | Gauntlet | Found a transporter.
  6774 | Gauntlet | Found a transporter.
  6777 | Gauntlet | Found a runed translucent door.
  6777 | Gauntlet | Found a runed translucent door.
  6787 | Gauntlet | Found a transporter.
  6787 | Gauntlet | Noticed a soul eater
  6789 | Gauntlet | Found a transporter.
  6799 | Gauntlet | Found a transporter.
  6799 | Gauntlet | Noticed a wretched star
  6815 | Gauntlet | Found a transporter.
  6823 | Gauntlet | Found the +2 hood of the Assassin {Detection Stab+ Stlth++}
  6823 | Gauntlet | Noticed a sixfirhy
  6824 | Gauntlet | Noticed a sixfirhy
  6825 | Gauntlet | Found a transporter.
  6827 | Gauntlet | Noticed a sixfirhy
  6827 | Gauntlet | Noticed a sixfirhy
  6827 | Gauntlet | Noticed a sixfirhy
  6829 | Gauntlet | Found a transporter.
  6830 | Gauntlet | Noticed a sixfirhy
  6831 | Gauntlet | Noticed a sixfirhy
  6843 | Gauntlet | Found a transporter.
  6861 | Gauntlet | Found a transporter.
  6866 | Gauntlet | Found a transporter.
  6868 | Gauntlet | Found a transporter.
  6915 | Gauntlet | XOM: silly message
  6945 | Gauntlet | Reached XP level 11. HP: 46/105 MP: 10/10
  6952 | Gauntlet | XOM: summons friendly ufetubus
  7114 | Gauntlet | XOM: destruction
  7117 | Gauntlet | Found a transporter.
  7120 | Gauntlet | Got a flickering glass ring
  7138 | Gauntlet | Identified the ring of Rusiagef {Fire Str+2} (You found it
                  | in a Gauntlet)
  7256 | Gauntlet | Identified the +4 chain mail "Ysetem" {-Cast MR+++ Int+8}
  7256 | Gauntlet | Noticed a minotaur
  7259 | Gauntlet | XOM: butterfly on damage
  7280 | Gauntlet | Killed a minotaur
  7431 | Gauntlet | Got an ichor-stained falchion
  7434 | Gauntlet | Identified the +6 falchion of Ifeycwutt {venom, +Inv} (You
                  | found it in a Gauntlet)
  7453 | Gauntlet | XOM: summons friendly ufetubus
  7828 | Lair:3   | XOM: silly message
  7884 | Lair:3   | XOM: summons friendly shadow imp
  7974 | Lair:4   | Noticed a death yak
  7974 | Lair:4   | Noticed a death yak
  8027 | Lair:4   | XOM: noise
  8028 | Lair:4   | XOM: cleaving
  8035 | Lair:4   | Reached skill level 8 in Shields
  8063 | Lair:4   | XOM: smoke on damage
  8067 | Lair:4   | XOM: scenery: create altars
  8069 | Lair:4   | XOM: confusion (+ monsters)
  8080 | Lair:4   | XOM: destruction
  8300 | Lair:4   | XOM: confusion (+ monsters)
  8306 | Lair:4   | XOM: confusion (+ monsters)
  8427 | Lair:4   | Noticed a death yak
  8456 | Lair:4   | XOM: swap monsters
  8464 | Lair:4   | XOM: enchant monster (good)
  8474 | Lair:4   | Killed a death yak
  8581 | Lair:4   | XOM: 2-stop teleportation journey
  8627 | Lair:4   | Noticed a death yak
  8631 | Lair:4   | Noticed a death yak
  8632 | Lair:4   | XOM: summons friendly white imp
  8640 | Lair:4   | XOM: enchant monster (bad)
  8664 | Lair:4   | Killed a death yak
  8664 | Lair:4   | Reached skill level 9 in Shields
  8666 | Lair:4   | Killed a death yak
  8666 | Lair:4   | Noticed a dire elephant
  8666 | Lair:4   | a death yak changed into a dire elephant
  8666 | Lair:4   | XOM: polymorph death yak -> dire elephant
  8669 | Lair:4   | XOM: potion effect (brilliance)
  8671 | Lair:4   | Killed a death yak
  8680 | Lair:4   | XOM: stat loss: -1 Dex (8/9)
  8707 | Lair:4   | XOM: confusion (+ monsters)
  8727 | Lair:4   | XOM: confuse monster(s)
  8745 | Lair:4   | Killed a dire elephant
  8745 | Lair:4   | Reached XP level 12. HP: 48/118 MP: 11/11
  8759 | Lair:4   | XOM: silly message
  8779 | Lair:4   | XOM: noise
  8847 | Lair:4   | XOM: cloud trail
  8910 | Lair:6   | Entered Level 6 of the Lair of Beasts
  8926 | Lair:6   | Noticed an eight-headed hydra
  8932 | Lair:6   | Reached skill level 10 in Maces & Flails
  8938 | Lair:6   | XOM: potion effect (heal wounds)
  8944 | Lair:6   | Killed an eight-headed hydra
  8948 | Lair:6   | Noticed a fire dragon
  8949 | Lair:6   | XOM: divination: magic mapping
  8949 | Lair:6   | Noticed an anaconda
  8949 | Lair:6   | a fire dragon changed into an anaconda
  8960 | Lair:6   | XOM: enchant monster (good)
  9071 | Lair:5   | XOM: enchant monster (good)
  9072 | Lair:5   | XOM: divination: detect items
  9141 | Lair:5   | XOM: summons 2 friendly demons
  9147 | Lair:5   | You fall into a shaft and drop 1 floor!
  9195 | Lair:6   | XOM: confusion (+ monsters)
  9196 | Lair:6   | XOM: fog
  9201 | Lair:6   | XOM: god gift: leather armour {god gift}
  9225 | Lair:6   | Reached skill level 10 in Shields
  9246 | Lair:6   | XOM: divination: magic mapping
  9248 | Lair:6   | XOM: scenery: create altars
  9250 | Lair:6   | XOM: polymorph elephant -> redback
  9253 | Lair:6   | XOM: confuse monster(s)
  9255 | Lair:6   | XOM: noise
  9261 | Lair:6   | Noticed a six-headed hydra
  9262 | Lair:6   | XOM: divination: detect items
  9264 | Lair:6   | XOM: enchant monster (good)
  9275 | Lair:6   | XOM: 1-stop teleportation journey
  9318 | Lair:6   | XOM: cleaving
  9350 | Lair:6   | XOM: scenery: create altars
  9354 | Lair:6   | XOM: scenery: create altars
  9379 | Lair:6   | XOM: confuse monster(s)
  9416 | Lair:6   | XOM: scenery: create altars
  9444 | Lair:5   | XOM: 3-stop teleportation journey
  9477 | Lair:5   | XOM: scenery: 1 doors close
  9480 | Lair:5   | XOM: enchant monster (good)
  9506 | Lair:5   | Found a staircase to the Slime Pits.
  9518 | Lair:5   | Reached skill level 5 in Throwing
  9571 | Lair:4   | Lost mutation: Your muscles are strong. (Str +2) [potion of
                  | mutation]
  9571 | Lair:4   | Lost mutation: Potions are less effective at restoring your
                  | health. [potion of mutation]
  9571 | Lair:4   | Gained mutation: You have a pair of small horns on your
                  | head. [potion of mutation]
  9571 | Lair:4   | Gained mutation: You have a pair of horns on your head.
                  | [potion of mutation]
  9582 | Lair:4   | Noticed a fire dragon
  9588 | Lair:4   | XOM: scenery: create altars
  9592 | Lair:4   | XOM: noise
  9721 | Lair:4   | XOM: cast spell 'Necromutation'
  9762 | Lair:4   | XOM: divination: detect items
  9768 | Lair:4   | Banished a fire dragon
  9903 | Lair:5   | You fall into a shaft and drop 1 floor!
  9903 | Lair:6   | Noticed a queen ant
  9905 | Lair:6   | Noticed a spark wasp
  9905 | Lair:6   | a queen ant changed into a spark wasp
  9909 | Lair:6   | Noticed an ice dragon
  9909 | Lair:6   | a spark wasp changed into an ice dragon
  9914 | Lair:6   | an ice dragon changed into a wolf spider
  9915 | Lair:6   | Noticed an anaconda
  9915 | Lair:6   | a wolf spider changed into an anaconda
  9916 | Lair:6   | XOM: enchant monster (bad)
  9922 | Lair:6   | an anaconda changed into a water nymph
  9964 | Lair:6   | XOM: cloud trail
 10000 | Lair:6   | XOM: swap monsters
 10025 | Lair:6   | Noticed a catoblepas
 10030 | Lair:6   | Reached skill level 11 in Shields
 10051 | Lair:6   | Demolished by a catoblepas

Illustrated notes

Levels and vault maps discovered:
D:1:      moated_graveyard_arrival, layout_basic
D:2:      layout_rooms, minmay_misc_feat_four_crosses
D:3:      layout_basic
D:4:      layout_basic
D:5:      layout_gridville, minmay_temple_entry_antechambers, first_ration,
          cheibrodos_sewer_entry_bend, eino_small_chamber_without_monster,
          minmay_quadrilaterals, uniq_pikel
D:6:      layout_basic, chequers_temple_overflow_statue_of_worship,
          uniq_menkaure, uniq_edmund
D:7:      layout_rooms, basic_altar, ebering_ghost_rock_garden, the_bakery
D:8:      layout_basic
D:9:      layout_irregular_city, old_standard_altar, david_lair_generic,
          ebering_ghost_inner_flame, uniq_erolcha
Lair:1:   layout_cave_shapes
Lair:2:   layout_cave_pods, minmay_shoals_entry_hut,
          chequers_serial_rivers_room_a
Lair:3:   layout_cave_pods, dummy_snake_entry, gauntlet_entry_generic,
          uniq_gastronok
Lair:4:   dragon1_lemuel, layout_gridlike
Lair:5:   layout_roguey, minmay_slime_entry_pillars, uniq_snorg
Lair:6:   evilmike_catoblepas_cave, layout_loops_ring

Skill      XL: |  1  2  3  4  5  6  7  8  9 10 11 12 |
---------------+-------------------------------------+-----
Dodging        | 2 3 4 5 6 |  6.0
Maces & Flails | 3 4 5 8 9 10 | 10.1
Fighting       | 3 4 5 6 7 |  7.8
Shields        | 1 2 4 5 7 9 11 | 11.0
Short Blades   | 3 |  3.6
Throwing       | 2 4 5 |  5.3
Long Blades    | |  0.8
Stealth        | |  0.4
Evocations     | |  0.2

Action                   |  1- 3 |  4- 6 |  7- 9 | 10-12 || total
-------------------------+-------+-------+-------+-------++-------
Melee: Mace              |   117 |    72 |    17 |   504 ||   710
       Flail             |       |   137 |    31 |    86 ||   254
       Rapier            |       |       |   285 |       ||   285
       Falchion          |       |       |       |     7 ||     7
       Headbutt          |       |       |       |    19 ||    19
Throw: Boomerang         |       |     9 |       |     6 ||    15
       Large rock        |       |       |     3 |    48 ||    51
       Dart              |       |       |       |    27 ||    27
       Javelin           |       |       |       |    12 ||    12
 Abil: Evoke Invisibilit |       |       |       |     1 ||     1
Evoke: Wand              |       |     4 |       |    20 ||    24
  Use: Scroll            |       |    10 |    13 |    13 ||    36
       Potion            |       |       |     4 |    20 ||    24
 Stab: Sleeping          |     1 |       |       |     1 ||     2
       Confused          |     1 |     1 |       |     3 ||     5
       Invisible         |       |       |       |     2 ||     2
       Petrified         |       |       |       |     7 ||     7
       Petrifying        |       |       |       |     1 ||     1
       Paralysed         |       |       |       |     1 ||     1
  Eat: Chunk             |    12 |    18 |    24 |    31 ||    85
       Ration            |       |       |       |     3 ||     3
Armor: Robe              |    75 |    88 |    72 |   120 ||   355
Dodge: Dodged            |    85 |    54 |    49 |   117 ||   305
Block: Tower shield      |       |   186 |   323 |   701 ||  1210
       Rpst.: Falchion   |       |       |       |     1 ||     1
